 Dungeon Crawl Stone Soup version 0.30-b1-2-g02819fbbbe (webtiles) character file.

Game seed: 12898907618538724746

110 falawelle the Chopper (level 4, -4/41 HPs)
             Began as a Minotaur Berserker on May 11, 2023.
             Was a Believer of Trog.
             Slain by an ogre
             ... wielding a +0 giant club
              (9 damage)
             ... on level 4 of the Dungeon.
             The game lasted 00:11:07 (4524 turns).

falawelle the Chopper (Minotaur Berserker)          Turns: 4524, Time: 00:11:08

Health: -4/41      AC:  9    Str: 21    XL:     4   Next: 61%
Magic:  3/3        EV: 11    Int:  6    God:    Trog [**....]
Gold:   220        SH:  0    Dex: 10    Spells: 3/3 levels left

rFire   . . .        a - +0 hand axe (freeze)
rCold   . . .        (no shield)
rNeg    . . .        f - +0 ring mail
rPois   .            (helmet restricted)
rElec   .            i - +1 cloak
rCorr   .            k - +0 pair of gloves
SInv    .            (no boots)
Will    .....        (no amulet) Stlth
                     (no ring)
HPRegen 0.26/turn    (no ring)
MPRegen 0.08/turn

%: no passive effects
@: no status effects
A: horns 2, retaliatory headbutt
a: Renounce Religion, Berserk, Trog's Hand


You were on level 4 of the Dungeon.
You worshipped Trog.
Trog was pleased with you.
You visited 1 branch of the dungeon, and saw 4 of its levels.

You collected 220 gold pieces.

Inventory:

Hand Weapons
 a - a +0 hand axe of freezing (weapon)
 g - a +0 mace
Armour
 e - the +18 Lear's hauberk
   (You found it on level 4 of the Dungeon)
 f - a +0 ring mail (worn)
 i - a +1 cloak (worn)
 k - a +0 pair of gloves (worn)
Wands
 n - a wand of polymorph (13)
Scrolls
 d - 2 scrolls of teleportation
Potions
 b - a potion of curing
 c - a potion of haste
 h - 3 potions of cancellation
 l - 2 potions of brilliance {unknown}


   Skills:
 + Level 4.3 Fighting
 * Level 5.0 Axes
 * Level 4.1 Armour
 - Level 2.1 Dodging


You had 3 spell levels left.
You didn't know any spells.
Your spell library was empty.

Dungeon Overview and Level Annotations

Branches:
Dungeon (4/15)
 Temple: D:4-7

Altars:

Annotations:
D:3 2 transporters, NitroKuite's ghost, amateur DEEE


Innate Abilities, Weirdness & Mutations

You have a pair of horns on your head.
You reflexively headbutt those who attack you in melee.


Message History

A dart slug comes into view.
Found a leather armour.
You slash the dart slug! You freeze the dart slug.
The dart slug is almost dead.
The dart slug bites you but does no damage.
You hit the dart slug but do no damage.
The dart slug is almost dead.
You completely miss the dart slug.
The dart slug is almost dead.
The dart slug bites you but does no damage.
A dart slug is nearby!
A dart slug is nearby!
You hit the dart slug. You freeze the dart slug.
You kill the dart slug!
Trog accepts your kill.
An ogre comes into view. It is wielding a +0 giant club.
The ogre shouts!
You see here a +0 leather armour.
An ogre is nearby!
You barely miss the ogre. Your headbutt misses the ogre.
The ogre barely misses you. You furiously retaliate!
You headbutt the ogre. You hit the ogre. You freeze the ogre.
The ogre is moderately wounded.
The ogre hits you with a +0 giant club.
You hit the ogre. You freeze the ogre.
The ogre is heavily wounded.
You slash the ogre! You freeze the ogre.
The ogre is severely wounded.
The ogre hits you with a +0 giant club!!
You are too injured to fight recklessly!
You are too injured to fight recklessly!
You are too injured to fight recklessly!
You hit the ogre. You freeze the ogre. Your headbutt misses the ogre.
The ogre is almost dead.
The ogre hits you with a +0 giant club!
* * * LOW HITPOINT WARNING * * *
You completely miss the ogre.
The ogre is almost dead.
The ogre hits you with a +0 giant club!
You die...

.######........#....#
.#.............+....#
.#..)..........#....#
.+.............#....#
.###############....##
............#
............#
....?.......#
......O@[...#
########....# #....#
##+###


You could see an ogre.

Vanquished Creatures
  4 adders
  7 dart slugs
  3 ball pythons
  6 endoplasms
  7 giant cockroaches
  2 goblins
  4 hobgoblins
  3 jackals (D:3)
  5 kobolds
  4 quokkas (D:3)
  5 bats
  3 frilled lizards
  4 rats (D:2)
57 creatures vanquished.

Vanquished Creatures (others)
  20 plants
20 creatures vanquished.

Grand Total: 77 creatures vanquished

Notes
Turn   | Place    | Note
-------+----------+-------------------------------------------
     0 | D:1      | falawelle the Minotaur Berserker began the quest for the
                  | Orb.
     0 | D:1      | Reached XP level 1. HP: 19/19 MP: 0/0
   811 | D:1      | Found a faded altar of an unknown god.
  1264 | D:1      | Reached XP level 2. HP: 27/27 MP: 1/1
  1644 | D:1      | Reached skill level 4 in Axes
  2980 | D:2      | Reached XP level 3. HP: 32/33 MP: 2/2
  3405 | D:3      | Found a transporter.
  3491 | D:3      | Identified the staff of conjuration "Saplate" {rF- Will+
                  | Str+5}
  3499 | D:3      | Reached XP level 4. HP: 40/40 MP: 3/3
  3509 | D:3      | Reached ** piety under Trog
  3558 | D:3      | Found a transporter.
  3603 | D:3      | Identified the +10 trident of Wyrd {vamp, *Corrode rPois
                  | rC+ Str+3}
  3603 | D:3      | Identified the +4 buckler "Cushom" {Fly Str-5 Dex+7}
  3603 | D:3      | Noticed a gnoll sergeant
  3784 | D:3      | Noticed NitroKuite's ghost (amateur DEEE)
  3955 | D:3      | Found a glowing drain.
  4102 | D:3      | Reached skill level 5 in Axes
  4249 | D:4      | Found the +18 Lear's hauberk
  4513 | D:4      | Noticed an ogre
  4524 | D:4      | Slain by an ogre

Illustrated notes

Levels and vault maps discovered:
D:1:      onia_arrival_mini_spirals, layout_basic,
          chequers_ecumenical_altar_grove
D:2:      layout_rooms, grunt_ministairs_9, serial_bayou_pond_a
D:3:      layout_loops_cross, gammafunk_ghost_gnarly_gnolls,
          gup_sewer_entry_pipe
D:4:      layout_gridville, mainiacjoe_overflow_cross_hatched,
          mainiacjoe_overflow_catwalk

Skill      XL: |  1  2  3  4 |
---------------+-------------+-----
Axes           | 4 5 |  5.0
Armour         | 3 4 |  4.1
Fighting       | 4 |  4.3
Dodging        | |  2.1

Action                     |  1- 3 |  4- 6 || total
---------------------------+-------+-------++-------
  Melee: Hand axe          |    69 |    52 ||   121
         Headbutt          |    10 |     6 ||    16
    Use: Scroll            |     4 |     4 ||     8
   Stab: Distracted        |     1 |       ||     1
 Armour: Animal skin       |     3 |       ||     3
         Ring mail         |    18 |    15 ||    33
  Dodge: Dodged            |    49 |    22 ||    71
